 Seeded DCSS version 0.30-a0-1094-g860fb061e7 (webtiles) character file.

Game seed: 2079774914387363917 (custom seed)

389651 voltaire321 the Acrobat (level 23, -1/192 (218) HPs)
             Began as a Merfolk Gladiator on Apr 16, 2023.
             Was the Champion of Okawaru.
             Slain by a vampire knight
             ... wielding a +0 great sword
              (15 damage)
             ... while paralysed by a vampire knight
             ... on level 2 of the Depths on Apr 17, 2023.
             The game lasted 02:56:26 (50670 turns).

voltaire321 the Acrobat (Merfolk Gladiator)        Turns: 50670, Time: 02:56:27

HP:   -1/192 (218)  AC: 22    Str: 23    XL:     23   Next: 7%
MP:   1/32          EV:  2    Int: 17    God:    Okawaru [******]
Gold: 3578          SH:  0    Dex: 28    Spells: 22/22 levels left

rFire   + . .      SeeInvis .    p - +8 demon trident of Okawaru's Pride {flame, rCorr Str+2}
rCold   + + +      Faith    .    y - +6 tower shield "Onucy" {Dex+6}
rNeg    . . .      Spirit   .    L - +3 leather armour {rC+ rF+}
rPois   +          Reflect  +    U - +2 helmet {Int+3}
rElec   .          Rampage  .    Y - scarf of Okawaru's Inspiration {rC+ rF+, Str+5 Int+2}
rCorr   +                        d - +2 pair of gloves {infuse}
Will    +....                    q - +1 pair of boots of Juuwas {Regen+}
Stlth   ++                       g - amulet "Romn" {Reflect rPois rF- rC+++ Int+2 SH+5}
HPRegen 2.12/turn                k - +4 ring of protection
MPRegen 0.23/turn                D - +4 ring of slaying

@: paralysed, heavily drained, unable to read
A: (nimble swimmer 2), mertail, iridescent scales 1, regeneration 1, robust 1,
inability to read after injury 1
}: 2/15 runes: serpentine, barnacled
a: Renounce Religion, Heroism, Finesse, Duel


You were on level 2 of the Depths.
You worshipped Okawaru.
Okawaru was exalted by your worship.
You visited 9 branches of the dungeon, and saw 40 of its levels.
You visited the Abyss 1 time.
You also visited: Sewer and Ice Cave.

You collected 5469 gold pieces.
You spent 1891 gold pieces at shops.

Inventory:

Hand Weapons
 p - the +8 demon trident of Okawaru's Pride (weapon) {flame, rCorr Str+2}
   (Okawaru gifted it to you on level 3 of the Lair of Beasts)

   Str:       It affects your strength (+2).
   rCorr:     It protects you from acid and corrosion.
Missiles
 a - 12 silver javelins (quivered)
 h - 41 boomerangs
 V - 7 silver boomerangs
Armour
 d - a +2 pair of gloves of infusion (worn)
 q - the +1 pair of boots of Juuwas (worn) {Regen+}
   (Okawaru gifted it to you on level 3 of the Elven Halls)

   Regen:     It increases your rate of health regeneration.
 t - a +3 kite shield of resistance
 y - the +6 tower shield "Onucy" (worn) {Dex+6}
   (You acquired it on level 1 of the Elven Halls)

   Dex:       It affects your dexterity (+6).
 L - a +3 leather armour of resistance (worn)
 U - a +2 helmet of intelligence (worn)
 Y - the scarf of Okawaru's Inspiration (worn) {rC+ rF+, Str+5 Int+2}
   (Okawaru gifted it to you on level 3 of the Snake Pit)

   Str:       It affects your strength (+5).
   Int:       It affects your intelligence (+2).
Jewellery
 e - a ring of protection from cold
 g - the amulet "Romn" (around neck) {Reflect rPois rF- rC+++ Int+2 SH+5}
   (You acquired it on level 2 of the Orcish Mines)

   [amulet of reflection]

   It reflects blocked missile attacks.
   Int:       It affects your intelligence (+2).
   rF:        It makes you vulnerable to fire.
   rC:        It renders you almost immune to cold.
   rPois:     It protects you from poison.
   SH:        It affects your SH (+5).
 k - a +4 ring of protection (left hand)
 w - a ring of see invisible
 D - a +4 ring of slaying (right hand)
 F - the ring "Peru" {Fly rPois Int+6}
   (You took it off a deep elf elementalist on level 3 of the Elven Halls)

   [ring of intelligence]

   Int:       It affects your intelligence (+6).
   rPois:     It protects you from poison.
   Fly:       It grants you flight.
Wands
 b - a wand of mindburst (6)
 i - a wand of digging (18)
 z - a wand of flame (83)
 B - a wand of polymorph (17)
 O - a wand of iceblast (48)
 P - a wand of light (30)
 X - a wand of paralysis (11)
Scrolls
 f - a scroll of poison
 m - 11 scrolls of teleportation
 u - 4 scrolls of fear
 E - 5 scrolls of fog
 Q - 7 scrolls of magic mapping
 S - 5 scrolls of enchant weapon
 T - 6 scrolls of blinking
 W - 2 scrolls of enchant armour
 Z - 3 scrolls of silence
Potions
 j - 3 potions of might
 l - 17 potions of curing
 n - 5 potions of berserk rage
 r - 6 potions of lignification
 s - 7 potions of mutation
 x - 4 potions of resistance
 A - 8 potions of brilliance
 C - 9 potions of flight
 G - 5 potions of cancellation
 H - 2 potions of ambrosia
 I - 2 potions of invisibility
 J - 4 potions of magic
 K - 4 potions of haste
 N - a potion of heal wounds
Miscellaneous
 c - a lightning rod (4/4)
 M - a phial of floods
 R - a condenser vane


   Skills:
 + Level 20.8 Fighting
 - Level 14.0 Polearms
 - Level 12.0 Throwing
 - Level 8.0 Armour
 + Level 23.8 Dodging
 + Level 16.3 Shields
 - Level 12.0 Invocations
 - Level 17.0 Evocations


You had 22 spell levels left.
You didn't know any spells.
Your spell library contained the following spells:

 Spells                   Type           Power      Damage    Failure   Level
 Foxfire                  Conj/Fire      0%         2x1d4     63%         1
 Freeze                   Ice            0%         1d3       63%         1
 Magic Dart               Conj           0%         1d3       63%         1
 Sandblast                Erth           0%         2d4       63%         1
 Shock                    Conj/Air       0%         1d3       63%         1
 Slow                     Hex            0%         N/A       63%         1
 Sting                    Tmut/Pois      0%         1d3       63%         1
 Blink                    Tloc           0%         N/A       77%         2
 Cigotuvi's Dreadful Rot  Necr/Pois/Air  0%         N/A       77%         2
 Ensorcelled Hibernation  Hex/Ice        0%         N/A       77%         2
 Lesser Beckoning         Tloc           0%         N/A       77%         2
 Momentum Strike          Conj/Tloc      0%         3d8       77%         2
 Passwall                 Tmut/Erth      0%         N/A       77%         2
 Poisonous Vapours        Pois/Air       0%         N/A       77%         2
 Scorch                   Fire           0%         2d5       77%         2
 Searing Ray              Conj           0%         2d4       77%         2
 Static Discharge         Conj/Air       0%         2-2/arc   77%         2
 Sublimation of Blood     Necr           0%         N/A       77%         2
 Wereblood                Tmut           0%         N/A       77%         2
 Confusing Touch          Hex            0%         N/A       94%         3
 Frozen Ramparts          Ice            0%         1d1       94%         3
 Gell's Gravitas          Tloc           0%         N/A       94%         3
 Hailstorm                Conj/Ice       0%         3d3       94%         3
 Ignite Poison            Fire/Tmut/Pois 0%         N/A       94%         3
 Inner Flame              Hex/Fire       0%         N/A       94%         3
 Mephitic Cloud           Conj/Pois/Air  0%         N/A       94%         3
 Spider Form              Tmut/Pois      0%         N/A       94%         3
 Stone Arrow              Conj/Erth      0%         3d7       94%         3
 Swiftness                Air            0%         N/A       94%         3
 Teleport Other           Tloc           0%         N/A       94%         3
 Vampiric Draining        Necr           0%         2d6       94%         3
 Vhi's Electric Charge    Tloc/Air       0%         N/A       94%         3
 Volatile Blastmotes      Fire/Tloc      0%         2d10      94%         3
 Airstrike                Air            0%         2d(0-16)  100%        4
 Anguish                  Hex/Necr       0%         N/A       100%        4
 Dispel Undead            Necr           0%         3d6       100%        4
 Flame Wave               Conj/Fire      0%         2d4       100%        4
 Fulminant Prism          Conj/Hex       0%         3d5       100%        4
 Ice Form                 Ice/Tmut       0%         N/A       100%        4
 Iskenderun's Mystic Bla  Conj/Tloc      0%         2d3       100%        4
 Manifold Assault         Tloc           0%         N/A       100%        4
 Olgreb's Toxic Radiance  Pois           0%         N/A       100%        4
 Petrify                  Tmut/Erth      0%         N/A       100%        4
 Sticky Flame             Conj/Fire      0%         2d3       100%        4
 Agony                    Necr           0%         N/A       100%        5
 Arcjolt                  Conj/Air       0%         1d10      100%        5
 Fireball                 Conj/Fire      0%         3d3       100%        5
 Freezing Cloud           Conj/Ice/Air   0%         6-21      100%        5
 Iskenderun's Battlesphe  Conj           0%         2d6       100%        5
 Lee's Rapid Deconstruct  Erth           0%         3d4*      100%        5
 Metabolic Englaciation   Hex/Ice        0%         N/A       100%        5
 Yara's Violent Unravell  Hex/Tmut       0%         3d3       100%        5
 Conjure Ball Lightning   Conj/Air       0%         3x3d6     100%        6
 Dispersal                Tloc           0%         N/A       100%        6
 Plasma Beam              Fire/Air       0%         2x1d11    100%        6
 Starburst                Conj/Fire      0%         6d3       100%        6
 Statue Form              Tmut/Erth      0%         N/A       100%        6
 Dragon Form              Tmut           0%         N/A       100%        7
 Orb of Destruction       Conj           0%         9d5       100%        7
 Storm Form               Tmut/Air       0%         N/A       100%        7
 Borgnjor's Revivificati  Necr           0%         N/A       100%        8
 Discord                  Hex            0%         N/A       100%        8
 Disjunction              Tloc           0%         N/A       100%        8
 Maxwell's Capacitive Co  Air            0%         ∞         100%        8
 Necromutation            Tmut/Necr      0%         N/A       100%        8
 Death's Door             Necr           0%         N/A       100%        9
 Fire Storm               Conj/Fire      0%         5d1       100%        9
 Shatter                  Erth           0%         3d5*      100%        9
 Summon Small Mammal      Summ           Unusable   N/A       N/A         1
 Call Imp                 Summ           Unusable   N/A       N/A         2
 Animate Dead             Necr           Unusable   N/A       N/A         4
 Summon Ice Beast         Ice/Summ       Unusable   N/A       N/A         4
 Summon Forest            Summ/Tloc      Unusable   N/A       N/A         5
 Death Channel            Necr           Unusable   N/A       N/A         6
 Simulacrum               Ice/Necr       Unusable   N/A       N/A         6
 Summon Cactus Giant      Summ           Unusable   N/A       N/A         6
 Spellforged Servitor     Conj/Summ      Unusable   N/A       N/A         7
 Summon Hydra             Summ           Unusable   N/A       N/A         7

Dungeon Overview and Level Annotations

Branches:
Dungeon (15/15)            Temple (1/1) D:7            Lair (5/5) D:10
 Shoals (4/4) Lair:3        Snake (4/4) Lair:3        Slime (0/5) Lair:5
    Orc (2/2) D:12            Elf (3/3) Orc:2        Vaults (4/5) D:13
  Crypt (0/3) Vaults:3     Depths (2/4) D:15          Sewer (visited)
  IceCv (visited)

Altars:
Ashenzari
Cheibriados
Dithmenos
Elyvilon
Fedhas
Gozag
Hepliaklqana
Kikubaaqudgha
Makhleb
Nemelex Xobeh
Okawaru
Qazlal
Ru
Sif Muna
Trog
Uskayaw
Vehumet
Wu Jian
Xom
Yredelemnul
Zin
The Shining One
Jiyva
Lugonu

Shops:
D:1 ?   D:5 *=:   D:11 [   Orc:2 ?(!?   Elf:1 ?   Shoals:2 [   Shoals:3 [
Snake:1 ::   Snake:3 :   Snake:4 ?[=*   Depths:1 :

Portals:
Hell: Depths:1
Abyss: Depths:1
Pandemonium: Depths:1

Annotations:
D:6 3 runed translucent doors, cheesebisquit's ghost, novice DrFE
D:8 2 transporters
Elf:2 3 runed translucent doors


Innate Abilities, Weirdness & Mutations

((You are very nimble when in or above water. (Stealth+, EV+, Speed+++)))
Your lower body shifts to a powerful aquatic tail in water.
You are partially covered in iridescent scales. (AC +2)
Your natural rate of healing is unusually fast.
You are robust. (+10% HP)
You occasionally lose the ability to read scrolls when taking damage.


Message History

You puncture something! You burn something.
You hear some strange, mumbled words.
Something tries to affect you, but you resist.
You hear some strange, mumbled words. x2
Something tries to affect you, but you resist.
You puncture something! You burn something. You block something's attack.
Something bites you but does no damage.
You hit something. You burn something. Something hits you.
You feel drained. Something barely misses you.
You hit something but do no damage.
A vampire knight appears from thin air!
Reactivating autopickup.
The vampire knight mumbles some strange words.
The vampire knight flickers and vanishes!
Deactivating autopickup; reactivate with Ctrl-A.
You puncture something! You burn something.
The vampire knight casts a spell at you.
The vampire knight blinks!
You hear some strange, mumbled words.
Something tries to affect you, but you resist.
The vampire knight barely misses you. You block the vampire knight's attack.
You puncture the vampire knight! You burn the vampire knight.
The vampire knight is lightly damaged.
You hear some strange, mumbled words.
You suddenly lose the ability to move!
The vampire knight hits you with a +0 great sword!
The vampire knight bites you but does no damage.
You hear some strange, mumbled words.
Something hits you.
You feel drained. Something bites you.
Something draws strength from your injuries!
The vampire knight hits you with a +0 great sword!!
You feel threatened and lose the ability to read scrolls!
* * * LOW HITPOINT WARNING * * *
The vampire knight bites you but does no damage.
Something hits you!!
* * * LOW HITPOINT WARNING * * *
You feel drained.
* * * LOW HITPOINT WARNING * * *
Something bites you but does no damage.
The vampire knight hits you with a +0 great sword!
You die...

#.....)[{)§..(#
#..##.†###....+
#.............#
#.###..#####.##
#{#....# +#
#.#....# #{#..^.#
#{#....# #@#....#
# #V#....# #
#.#....###########
#.........#......#
#.........#'####.#
#..............#.#
#.###.......^..#..
#.######(......#.#
#..............'.#


You could see a vampire knight (fast).

Vanquished Creatures
  Boris (thrice) (Vaults:3 Vaults:4 Depths:1)
  Vashnia (Snake:3)
  A bone dragon (Vaults:3)
  A titan (Shoals:4)
  2 liches
  A walking divine tome (Depths:2)
  4 deep elf blademasters (Elf:3)
  2 deep elf master archers (Elf:3)
  A sphinx (Vaults:4)
  Roxanne (Snake:1)
  Donald (Shoals:4)
  2 tengu reavers
  The ghost of Esekla the Thaumaturge, an adept OpDe of Gozag (Shoals:1)
  2 shadow dragons (Depths:1)
  2 fire giants
  5 deep elf sorcerers
  7 nagarajas
  16 vault wardens
  2 frost giants (IceCv)
  A balrug (Depths:1)
  Aizul (Snake:2)
  3 orc warlords (Vaults:3)
  2 deep elf elementalists (Elf:3)
  2 stone giants
  9 very ugly things
  12 ironbound preservers
  The ghost of relicbr the Marksspriggan, an adept SpDe of Dithmenos (Shoals:3)
  A quicksilver ooze (shapeshifter) (Vaults:2)
  The ghost of BlueFalcon the Lord of Darkness, a journeyman DsVM of Kikubaaqudgha (D:14)
  Nessos (Lair:5)
  7 ironbound thunderhulks
  2 vampire knights
  5 dire elephants
  3 deep elf demonologists
  A white draconian (IceCv)
  2 spark wasps (Depths:2)
  2 deep elf annihilators (Elf:3)
  5 ettins
  5 merfolk javelineers
  A quicksilver dragon zombie (Vaults:4)
  8 deep elf death magi (Elf:3)
  14 merfolk impalers
  A blizzard demon (Depths:1)
  A crystal guardian (Vaults:3)
  An entropy weaver (shapeshifter) (D:15)
  The ghost of NeonRainbow the Grappler, a journeyman TrFi of Okawaru (D:11)
  3 fire dragons
  3 entropy weavers
  6 deep elf high priests (Elf:3)
  Fannar (Lair:1)
  4 great orbs of eyes
  3 ice dragons
  2 salamander tyrants (Snake:4)
  6 yaktaur captains
  2 hydras
  2 ogre magi (D:13)
  A spriggan air mage (Depths:2)
  19 vault guards
  7 anacondas
  2 catoblepae
  6 centaur warriors
  A peacekeeper (Vaults:3)
  An alligator snapping turtle (Shoals:2)
  10 ironbound frosthearts
  A death knight (D:15)
  5 two-headed ogres
  Erica (D:8)
  3 satyrs
  6 boulder beetles
  11 dancing weapons
  4 merfolk aquamancers
  2 merfolk avatars
  19 naga warriors
  2 vampire magi (Depths:1)
  Urug (Lair:1)
  2 tengu warriors
  4 orc high priests (Orc:2)
  13 naga sharpshooters
  8 death yaks (Lair:4)
  2 spriggan berserkers
  12 deep elf knights
  9 shock serpents
  3 sun demons (Depths:1)
  5 skeletal warriors (D:12)
  Amaemon (Lair:1)
  5 salamander mystics
  6 skysharks
  A glowing orange brain (Vaults:2)
  15 sea snakes
  30 deep trolls
  An orb spider (shapeshifter) (Vaults:2)
  An orange crystal statue (IceCv)
  2 naga ritualists
  6 lindwurms
  Pikel (D:5)
  25 harpies
  17 ironbound convokers
  2 phantasmal warriors
  12 orc knights
  9 deep elf archers
  22 deep elf pyromancers
  2 necromancers
  9 wizards
  17 deep elf zephyrmancers
  4 cyclopes
  41 ugly things
  2 orc sorcerers
  5 mana vipers
  12 manticores
  18 fauns
  A sphinx skeleton (Vaults:4)
  11 salamanders
  7 elephants
  A moth of wrath (Shoals:3)
  2 ice statues (D:14)
  7 merfolk sirens
  4 guardian serpents
  23 black mambas
  16 vault sentinels
  A smoke demon (Depths:1)
  11 cane toads
  11 naga magi
  A torpor snail (Lair:5)
  2 gargoyles
  A yaktaur zombie (Vaults:2)
  15 water nymphs
  Maggie (D:8)
  2 unseen horror zombies (D:9)
  An orange demon (Lair:1)
  28 rime drakes
  47 yaktaurs
  2 unseen horrors
  A freezing wraith (D:14)
  4 ice devils (Depths:1)
  3 kobold demonologists
  A tengu conjurer (Depths:1)
  A queen bee (shapeshifter) (D:15)
  11 trolls
  10 komodo dragons
  40 merfolk
  13 polar bears (IceCv)
  15 blink frogs
  17 wind drakes
  2 hornets (Lair:5)
  12 snapping turtles
  2 elf zombies (Vaults:2)
  9 dream sheep
  A dream sheep (shapeshifter) (Elf:1)
  6 air elementals
  3 shadows
  3 vampires
  25 slime creatures
  34 yaks
  6 wyverns
  32 water elementals
  4 humans
  5 steam dragons
  3 fire elementals
  Eustachio (D:4)
  6 redbacks
  8 vampire mosquitoes
  5 basilisks
  8 wargs
  13 water moccasins
  40 nagas
  2 glowing shapeshifter skeletons
  A floating eye (Depths:2)
  24 orc warriors
  2 black bears
  A sky beast (D:7)
  3 ogres
  A boggart (Elf:1)
  11 wolves (Lair:2)
  5 centaurs
  A phantom (D:4)
  A human zombie (Vaults:4)
  10 kobold brigands
  7 bullfrogs
  A necrophage (D:11)
  A scorpion (D:4)
  A gnoll sergeant (D:9)
  4 earth elementals
  10 wights
  13 killer bees
  A howler monkey (D:6)
  6 electric eels
  4 crimson imps
  5 hounds
  2 jellies
  A gnoll bouda (D:8)
  34 orc priests
  A sleepcap (D:5)
  An iguana (D:6)
  26 orc wizards
  7 hell rats (Lair:4)
  21 gnolls
  9 adders
  A river rat (D:3)
  10 white imps
  2 ufetubi
  5 worms
  2 dart slugs
  86 orcs
  13 ball pythons
  7 bats
  6 endoplasms
  4 giant cockroaches
  6 hobgoblins
  2 jackals (D:4)
  41 kobolds
  2 quokkas
  6 frilled lizards
  2 goblins
  6 rats
  A spectral orc (D:14)
1564 creatures vanquished.

Vanquished Creatures (others)
  A deep elf sorcerer (Elf:3)
  A merfolk avatar (Lair:5)
  A harpy (Shoals:2)
  A deep elf zephyrmancer (Elf:2)
  A deep elf pyromancer (Elf:2)
  An unseen horror (D:13)
  An orc priest (D:10)
  An orc wizard (Orc:2)
  4 kobolds (D:9)
  A bush (Lair:4)
  18 fungi
  82 plants
  A withered plant (Shoals:2)
114 creatures vanquished.

Grand Total: 1678 creatures vanquished

Notes
Turn   | Place    | Note
-------+----------+-------------------------------------------
     0 | D:1      | voltaire321 the Merfolk Gladiator began the quest for the
                  | Orb.
     0 | D:1      | Reached XP level 1. HP: 16/16 MP: 1/1
   142 | D:1      | Reached XP level 2. HP: 20/22 MP: 2/2
   239 | D:1      | Found Rysegg's Magic Scroll Shoppe.
   868 | D:2      | Reached XP level 3. HP: 28/28 MP: 3/3
  1520 | D:2      | Reached XP level 4. HP: 28/34 MP: 4/4
  1529 | D:2      | Reached skill level 5 in Polearms
  1763 | D:3      | Found a shimmering altar of Xom.
  1826 | D:3      | Found a glowing drain.
  1862 | D:3      | Reached skill level 1 in Armour
  1862 | D:3      | Reached XP level 5. HP: 10/41 MP: 5/5
  1976 | Sewer    | Entered a sewer
  2171 | Sewer    | Noticed a kobold brigand
  2195 | Sewer    | Killed a kobold brigand
  2196 | Sewer    | Reached skill level 5 in Dodging
  2326 | Sewer    | Reached XP level 6. HP: 47/47 MP: 6/6
  2712 | Sewer    | Reached XP level 7. HP: 39/54 MP: 7/7
  3347 | D:3      | Found an opulent altar of Gozag.
  3360 | D:3      | Found a shimmering blue altar of Sif Muna.
  3465 | D:3      | Found a hide-covered altar of Uskayaw.
  3752 | D:4      | Noticed Eustachio
  3768 | D:4      | Killed Eustachio
  3855 | D:4      | Reached skill level 6 in Dodging
  4530 | D:1      | Bought a scroll of brand weapon for 114 gold pieces
  4610 | D:5      | Entered Level 5 of the Dungeon
  4666 | D:5      | Found Ciubaec's Book Emporium.
  4671 | D:5      | Reached XP level 8. HP: 46/61 MP: 8/8
  5114 | D:5      | Found a glowing golden altar of the Shining One.
  5129 | D:5      | Noticed Pikel
  5171 | D:5      | Killed Pikel
  5172 | D:5      | Reached skill level 5 in Fighting
  5172 | D:5      | Reached skill level 7 in Dodging
  5280 | D:5      | Found Imea's Assorted Antiques.
  5320 | D:5      | Found Daurr's Jewellery Boutique.
  5344 | D:5      | Reached XP level 9. HP: 68/68 MP: 9/9
  5503 | D:5      | Reached skill level 5 in Throwing
  5818 | D:6      | Found a runed translucent gate.
  5819 | D:6      | Found a runed translucent gate.
  5819 | D:6      | Noticed cheesebisquit's ghost (novice DrFE)
  5820 | D:6      | Found a runed translucent gate.
  5823 | D:6      | Noticed a kobold demonologist
  6851 | D:6      | Reached skill level 8 in Dodging
  7087 | D:7      | Gained mutation: You are frail. (-10% HP) [potion of
                  | mutation]
  7087 | D:7      | Lost mutation: You are frail. (-10% HP) [potion of
                  | mutation]
  7087 | D:7      | Gained mutation: You are frail. (-10% HP) [potion of
                  | mutation]
  7176 | D:6      | Lost mutation: You are frail. (-10% HP) [potion of
                  | mutation]
  7176 | D:6      | Gained mutation: Your spells are a little easier to cast,
                  | but a little less powerful. [potion of mutation]
  7176 | D:6      | Gained mutation: Your body sometimes deteriorates upon
                  | taking damage. [potion of mutation]
  7176 | D:6      | Gained mutation: You have a pair of small horns on your
                  | head. [potion of mutation]
  7176 | D:6      | Gained mutation: You are robust. (+10% HP) [potion of
                  | mutation]
  7177 | D:6      | Lost mutation: You have a pair of small horns on your head.
                  | [potion of mutation]
  7177 | D:6      | Lost mutation: Your spells are a little easier to cast, but
                  | a little less powerful. [potion of mutation]
  7177 | D:6      | Gained mutation: You expend magic power (3 MP) to
                  | strengthen your wands. [potion of mutation]
  7177 | D:6      | Gained mutation: You sometimes lose your temper in combat.
                  | [potion of mutation]
  7177 | D:6      | Gained mutation: Your natural rate of healing is unusually
                  | fast. [potion of mutation]
  7253 | D:7      | Found a staircase to the Ecumenical Temple.
  7261 | Temple   | Entered the Ecumenical Temple
  7381 | Temple   | Became a worshipper of Warmaster Okawaru
  7618 | D:7      | Reached skill level 1 in Invocations
  7796 | D:7      | Reached * piety under Okawaru
  7797 | D:7      | Reached skill level 10 in Polearms
  7862 | D:7      | Reached XP level 10. HP: 76/84 MP: 11/11
  7943 | D:7      | Found a shadowy altar of Dithmenos.
  8096 | D:8      | Found a transporter.
  8117 | D:8      | Found a transporter.
  8421 | D:8      | Reached skill level 9 in Dodging
  8432 | D:8      | Reached ** piety under Okawaru
  8521 | D:8      | Noticed Erica
  8542 | D:8      | Killed Erica
  8708 | D:8      | Noticed Maggie
  8724 | D:8      | Killed Maggie
  8733 | D:8      | Identified the +2 leather armour of Paixepn {MP+9 SInv}
  9029 | D:9      | Reached *** piety under Okawaru
  9109 | D:9      | Reached skill level 1 in Evocations
  9180 | D:9      | Found a bloodstained altar of Trog.
  9328 | D:9      | Reached skill level 5 in Armour
  9343 | D:9      | Reached **** piety under Okawaru
  9344 | D:9      | Reached XP level 11. HP: 90/94 MP: 14/14
  9475 | D:9      | Found a basalt altar of Yredelemnul.
  9584 | D:9      | Reached skill level 1 in Shields
  9692 | D:9      | Noticed a boulder beetle
  9693 | D:9      | Noticed a cyclops
  9716 | D:9      | Killed a cyclops
  9719 | D:9      | Reached skill level 10 in Dodging
  9796 | D:9      | Killed a boulder beetle
  9970 | D:10     | Entered Level 10 of the Dungeon
 10107 | D:10     | Reached ***** piety under Okawaru
 10168 | D:10     | Found a staircase to the Lair.
 10214 | D:10     | Reached skill level 5 in Invocations
 10798 | Lair:1   | Entered Level 1 of the Lair of Beasts
 10904 | Lair:1   | Noticed Urug
 10930 | Lair:1   | Killed Urug
 10930 | Lair:1   | Identified the +11 quarterstaff of Noivaco {flame, rElec
                  | MP+9 Int+3 Dex+2} (Okawaru gifted it to you on level 1 of
                  | the Lair of Beasts)
 10930 | Lair:1   | Received a gift from Okawaru
 10930 | Lair:1   | Reached ****** piety under Okawaru
 10931 | Lair:1   | Reached XP level 12. HP: 57/103 MP: 16/16
 11130 | Lair:1   | Noticed Amaemon
 11164 | Lair:1   | Noticed Fannar
 11180 | Lair:1   | Reached skill level 11 in Dodging
 11235 | Lair:1   | Killed Amaemon
 11365 | Lair:1   | Killed Fannar
 11571 | Lair:1   | Identified the +5 dagger "Nedwar" {freeze, Drain rC++
                  | Str+5} (Okawaru gifted it to you on level 1 of the Lair of
                  | Beasts)
 11571 | Lair:1   | Received a gift from Okawaru
 11974 | Lair:2   | Reached skill level 5 in Evocations
 12177 | Lair:2   | Reached XP level 13. HP: 113/113 MP: 18/18
 12194 | Lair:2   | Received a gift from Okawaru
 12267 | Lair:2   | Reached skill level 5 in Shields
 12336 | Lair:2   | Reached skill level 10 in Fighting
 13245 | Lair:3   | Identified the +8 demon trident of Okawaru's Pride {flame,
                  | rCorr Str+2} (Okawaru gifted it to you on level 3 of the
                  | Lair of Beasts)
 13245 | Lair:3   | Received a gift from Okawaru
 13252 | Lair:3   | Reached skill level 12 in Dodging
 13480 | Lair:3   | Found a staircase to the Snake Pit.
 13606 | Lair:3   | Found a staircase to the Shoals.
 13833 | Lair:4   | Received a gift from Okawaru
 14583 | Lair:5   | Entered Level 5 of the Lair of Beasts
 14686 | Lair:5   | Reached XP level 14. HP: 122/122 MP: 20/20
 14945 | Lair:5   | Received a gift from Okawaru
 14964 | Lair:5   | Noticed Nessos
 14979 | Lair:5   | HP: 5/122 [poisoned by Nessos]
 14981 | Lair:5   | Killed Nessos
 15128 | Lair:5   | Lost mutation: Your body sometimes deteriorates upon taking
                  | damage. [potion of mutation]
 15128 | Lair:5   | Lost mutation: Your natural rate of healing is unusually
                  | fast. [potion of mutation]
 15128 | Lair:5   | Lost mutation: You expend magic power (3 MP) to strengthen
                  | your wands. [potion of mutation]
 15128 | Lair:5   | Gained mutation: You occasionally lose the ability to read
                  | scrolls when taking damage. [potion of mutation]
 15128 | Lair:5   | Gained mutation: You are partially covered in iridescent
                  | scales. (AC +2) [potion of mutation]
 15128 | Lair:5   | Gained mutation: You have a somewhat thin skeletal
                  | structure. (Dex +2, Stealth+) [potion of mutation]
 15129 | Lair:5   | Lost mutation: You sometimes lose your temper in combat.
                  | [potion of mutation]
 15129 | Lair:5   | Lost mutation: You have a somewhat thin skeletal structure.
                  | (Dex +2, Stealth+) [potion of mutation]
 15129 | Lair:5   | Gained mutation: Armour fits poorly on your strangely
                  | shaped body. [potion of mutation]
 15129 | Lair:5   | Lost mutation: Armour fits poorly on your strangely shaped
                  | body. [potion of mutation]
 15129 | Lair:5   | Gained mutation: Your natural rate of healing is unusually
                  | fast. [potion of mutation]
 15541 | Lair:5   | Found a viscous altar of Jiyva.
 15541 | Lair:5   | Found a staircase to the Slime Pits.
 16111 | D:11     | Reached XP level 15. HP: 132/132 MP: 21/21
 16232 | D:11     | Found a runed translucent gate.
 16233 | D:11     | Found a runed translucent gate.
 16234 | D:11     | Found a runed translucent gate.
 16234 | D:11     | Noticed NeonRainbow's ghost (journeyman TrFi)
 16308 | D:11     | Reached skill level 13 in Dodging
 16353 | D:11     | Reached skill level 10 in Throwing
 16382 | D:11     | You fall into a shaft and drop 3 floors!
 16394 | D:14     | Found a frozen archway.
 16415 | IceCv    | Entered an ice cave
 16735 | IceCv    | Noticed a frost giant
 16751 | IceCv    | Noticed a frost giant
 16754 | IceCv    | Killed a frost giant
 16754 | IceCv    | Identified the +7 halberd of the Dwarven Hall {freeze, rF+}
                  | (Okawaru gifted it to you in an ice cave)
 16754 | IceCv    | Received a gift from Okawaru
 16773 | IceCv    | Killed a frost giant
 16995 | IceCv    | Reached XP level 16. HP: 90/139 MP: 23/23
 17003 | IceCv    | HP: 5/139 [rime drake/icy flash freeze (13)]
 18181 | D:12     | Found a staircase to the Orcish Mines.
 18308 | D:12     | Received a gift from Okawaru
 18639 | D:11     | Found Qaanum's Armour Shoppe.
 18896 | D:11     | Reached skill level 14 in Dodging
 18921 | D:11     | Reached skill level 10 in Invocations
 18972 | D:11     | Killed NeonRainbow's ghost
 18972 | D:11     | Received a gift from Okawaru
 19165 | Orc:1    | Entered Level 1 of the Orcish Mines
 19590 | Orc:2    | Entered Level 2 of the Orcish Mines
 20924 | Orc:2    | Found a staircase to the Elven Halls.
 20953 | Orc:2    | Found Valoisomoa's Distillery.
 20953 | Orc:2    | Found Ahudwous's Magic Scroll Emporium.
 20954 | Orc:2    | Found Bepexez's Antique Weapon Shoppe.
 20958 | Orc:2    | Found Ujyudie's Magic Scroll Shoppe.
 20998 | Orc:2    | Bought a scroll of acquirement for 520 gold pieces
 20998 | Orc:2    | Acquired 728 gold pieces
 21002 | Orc:2    | Bought a scroll of acquirement for 780 gold pieces
 21002 | Orc:2    | Acquired the amulet "Romn" {Reflect rPois rF- rC+++ Int+2
                  | SH+5}
 21351 | D:13     | Identified the +0 cloak "Guwybos" {Stlth+} (Okawaru gifted
                  | it to you on level 13 of the Dungeon)
 21351 | D:13     | Received a gift from Okawaru
 21666 | D:13     | Paralysed by something for 4 turns
 21822 | D:13     | Found a gate to the Vaults.
 22492 | D:14     | Found a runed translucent door.
 22492 | D:14     | Noticed BlueFalcon's ghost (journeyman DsVM)
 22832 | D:14     | Found a hazy altar of Hepliaklqana.
 22908 | D:14     | Killed BlueFalcon's ghost
 22996 | D:14     | Identified the +5 trident of Animal Spirits {flame, Str+6
                  | Int-2 Stlth+}
 23013 | D:15     | Entered Level 15 of the Dungeon
 23106 | D:15     | Reached skill level 15 in Dodging
 23310 | D:15     | Reached XP level 17. HP: 150/150 MP: 20/24
 23374 | D:15     | Reached skill level 10 in Shields
 23642 | D:15     | Received a gift from Okawaru
 23659 | D:15     | Found a staircase to the Depths.
 24113 | Snake:1  | Entered Level 1 of the Snake Pit
 24658 | Snake:1  | Noticed Roxanne
 24700 | Snake:1  | Killed Roxanne
 24890 | Snake:1  | Found Yntodat's Jewellery Emporium.
 24890 | Snake:1  | Found Paliros's Book Shop.
 24891 | Snake:1  | Found Kivighue's Book Shop.
 25596 | Snake:2  | Reached skill level 10 in Evocations
 26055 | Snake:2  | Noticed Aizul
 26081 | Snake:2  | Killed Aizul
 26348 | Snake:2  | Received a gift from Okawaru
 26626 | Snake:3  | Found Dikesm's Book Shop.
 26885 | Snake:3  | Identified the scarf of Okawaru's Inspiration {rC+ rF+,
                  | Str+5 Int+2} (Okawaru gifted it to you on level 3 of the
                  | Snake Pit)
 26885 | Snake:3  | Received a gift from Okawaru
 26912 | Snake:3  | Reached skill level 16 in Dodging
 27040 | Snake:3  | Noticed Vashnia
 27057 | Snake:3  | Killed Vashnia
 28294 | Snake:3  | Reached XP level 18. HP: 145/161 MP: 0/26
 28527 | Snake:4  | Entered Level 4 of the Snake Pit
 28624 | Snake:4  | Found Igaumman's Assorted Antiques.
 28626 | Snake:4  | Found Yphev's Jewellery Boutique.
 28626 | Snake:4  | Found Ruliuwnuuxt's Antique Armour Shop.
 28631 | Snake:4  | Found Anickin's Magic Scroll Shop.
 28660 | Snake:4  | Bought a scroll of blinking for 105 gold pieces
 28660 | Snake:4  | Bought a scroll of magic mapping for 105 gold pieces
 28663 | Snake:4  | Bought a ring of see invisible for 225 gold pieces
 29586 | Snake:4  | Identified the +1 chain mail "Facaecs" {rF+ Will+} (Okawaru
                  | gifted it to you on level 4 of the Snake Pit)
 29586 | Snake:4  | Received a gift from Okawaru
 29944 | Snake:4  | Reached skill level 17 in Dodging
 29981 | Snake:4  | Reached skill level 15 in Fighting
 30078 | Snake:4  | Got a serpentine rune of Zot
 30523 | Shoals:1 | Entered Level 1 of the Shoals
 30758 | Shoals:1 | Found a runed translucent gate.
 30758 | Shoals:1 | Found a runed translucent gate.
 30758 | Shoals:1 | Found a runed translucent gate.
 30758 | Shoals:1 | Noticed Esekla's ghost (adept OpDe)
 30777 | Shoals:1 | Killed Esekla's ghost
 30852 | Shoals:1 | You fall into a shaft and drop 1 floor!
 31268 | Shoals:2 | Found Ate Zusa's Armour Shop.
 31577 | Shoals:2 | Received a gift from Okawaru
 31712 | Shoals:2 | Received a gift from Okawaru
 32434 | Shoals:3 | Found a bloodstained altar of Trog.
 32434 | Shoals:3 | Noticed relicbr's ghost (adept SpDe)
 32435 | Shoals:3 | Found a transporter.
 32440 | Shoals:3 | Found a runed translucent door.
 32441 | Shoals:3 | Found a transporter.
 32475 | Shoals:3 | Reached XP level 19. HP: 87/172 MP: 0/28
 32513 | Shoals:3 | Killed relicbr's ghost
 32787 | Shoals:3 | Reached skill level 18 in Dodging
 33012 | Shoals:3 | Found Diyfutuzayz's Armour Emporium.
 33217 | Shoals:3 | Got the Textbook on the Green Quake
 33690 | Shoals:3 | Received a gift from Okawaru
 33868 | Shoals:4 | Entered Level 4 of the Shoals
 33868 | Shoals:4 | Found a blossoming altar of Fedhas.
 34023 | Shoals:4 | Received a gift from Okawaru
 34192 | Shoals:4 | Noticed Donald
 34208 | Shoals:4 | Killed Donald
 34376 | Shoals:4 | Paralysed by an air elemental for 1 turns
 34665 | Shoals:4 | Paralysed by an air elemental for 1 turns
 35080 | Shoals:4 | Found a stormy altar of Qazlal.
 35099 | Shoals:4 | Paralysed by an air elemental for 1 turns
 35367 | Shoals:4 | Identified the amulet of Fedhas's Approval {rElec Regen+
                  | rCorr Str+6 Slay-2}
 35380 | Shoals:4 | Reached skill level 19 in Dodging
 35384 | Shoals:4 | Got a barnacled rune of Zot
 35389 | Shoals:4 | Got the Textbook on Arcane Weapons
 35396 | Shoals:4 | Identified the +1 acid dragon scales "Ylal" {Will+ rCorr}
 35662 | Shoals:1 | Received a gift from Okawaru
 36395 | Vaults:1 | Entered Level 1 of the Vaults
 36401 | Vaults:1 | Upgraded the game from 0.30-a0-1085-g990a428a5c to
                  | 0.30-a0-1094-g860fb061e7
 36659 | Vaults:1 | Reached XP level 20. HP: 183/183 MP: 8/29
 37166 | Vaults:1 | Identified the +0 chain mail of Lilacs {rElec rPois rN++
                  | Int-4} (Okawaru gifted it to you on level 1 of the Vaults)
 37166 | Vaults:1 | Received a gift from Okawaru
 37485 | Vaults:1 | Identified the +8 short sword "Uquiva" {distort, Str+5}
 38729 | Vaults:2 | Reached skill level 20 in Dodging
 39102 | Vaults:2 | Received a gift from Okawaru
 40580 | Vaults:3 | Reached skill level 15 in Shields
 40759 | Vaults:3 | Received a gift from Okawaru
 40800 | Vaults:3 | Reached XP level 21. HP: 123/194 MP: 0/30
 40812 | Vaults:3 | Reached skill level 15 in Evocations
 41076 | Vaults:3 | Paralysed by a great orb of eyes for 5 turns
 41490 | Vaults:3 | Reached skill level 21 in Dodging
 41507 | Vaults:3 | Received a gift from Okawaru
 42301 | Vaults:3 | Noticed Boris
 42314 | Vaults:3 | Killed Boris
 42324 | Vaults:3 | Received a gift from Okawaru
 42366 | Vaults:3 | Noticed a bone dragon
 42398 | Vaults:3 | Killed a bone dragon
 42623 | Vaults:3 | Found a staircase to the Crypt.
 42905 | Vaults:4 | Noticed Boris
 42928 | Vaults:4 | Killed Boris
 43211 | Vaults:4 | Received a gift from Okawaru
 43977 | Vaults:4 | Reached skill level 22 in Dodging
 44724 | Vaults:4 | Paralysed by a great orb of eyes for 4 turns
 44732 | Vaults:4 | Received a gift from Okawaru
 45311 | Elf:1    | Entered Level 1 of the Elven Halls
 45377 | Elf:1    | Found Kiud's Magic Scroll Boutique.
 45388 | Elf:1    | Bought a scroll of teleportation for 42 gold pieces
 45434 | Elf:1    | Reached XP level 22. HP: 206/206 MP: 29/31
 45498 | Elf:1    | Received a gift from Okawaru
 46072 | Elf:1    | Received a gift from Okawaru
 46173 | Elf:1    | Acquired the +6 tower shield "Onucy" {Dex+6}
 46676 | Elf:2    | Found a runed translucent gate.
 46678 | Elf:2    | Found a runed translucent gate.
 46682 | Elf:2    | Found a runed translucent gate.
 46924 | Elf:2    | Received a gift from Okawaru
 47412 | Elf:3    | Entered Level 3 of the Elven Halls
 47882 | Elf:3    | Reached skill level 23 in Dodging
 48220 | Elf:3    | Received a gift from Okawaru
 48691 | Elf:3    | Identified the +2 robe of the Original Sin {rF+ rN+ Will+
                  | rCorr}
 48691 | Elf:3    | Identified the ring "Peru" {Fly rPois Int+6}
 48696 | Abyss:4  | Found a shimmering altar of Xom.
 48696 | Abyss:4  | Cast into level 4 of the Abyss (a deep elf sorcerer)
 48716 | Elf:3    | Escaped the Abyss
 48731 | Elf:3    | Identified the +1 pair of boots of Juuwas {Regen+} (Okawaru
                  | gifted it to you on level 3 of the Elven Halls)
 48731 | Elf:3    | Received a gift from Okawaru
 48844 | Elf:3    | Identified the +2 hand axe of Luuqunethan {freeze, rC+}
 48891 | Elf:3    | Got the Papyrus of Darkness and the Volley
 48894 | Elf:3    | Got the Parchment of Configuration and the Commander
 48900 | Elf:3    | Got Viogroeb's Commentary on Amassed Blasphemous Liturgies
 48902 | Elf:3    | Identified the +6 chain mail of the Festooned Grue {rCorr
                  | Str+2 Int+2 Dex-2}
 48910 | Elf:3    | Identified the staff of cold "Tadyacw" {+Blink rC+}
 48937 | Elf:3    | Identified the +7 longbow of Dishonesty {freeze, rElec
                  | Will+}
 49243 | Depths:1 | Entered Level 1 of the Depths
 49483 | Depths:1 | Found a sacrificial altar of Ru.
 49554 | Depths:1 | Found Kied's Book Boutique.
 49561 | Depths:1 | Found a one-way gate leading to the halls of Pandemonium.
 49779 | Depths:1 | Found a gateway to Hell.
 49870 | Depths:1 | Noticed Boris
 49890 | Depths:1 | Killed Boris
 50027 | Depths:1 | Identified the staff of cold "Xaumnet" {*Slow rC+ rN+
                  | Dex+5}
 50030 | Depths:1 | Got the Grimoire of the Geodesic and Conflict
 50109 | Depths:1 | Found a corrupted altar of Lugonu.
 50109 | Depths:1 | Found a one-way gate to the infinite horrors of the Abyss.
 50448 | Depths:2 | Reached XP level 23. HP: 160/196 MP: 19/32
 50511 | Depths:2 | Identified the +2 hand axe of Qazlal, Charming {pain, rN+
                  | Stlth+}
 50609 | Depths:2 | Paralysed by a floating eye for 3 turns
 50616 | Depths:2 | Paralysed by a floating eye for 4 turns
 50668 | Depths:2 | Paralysed by something for 3 turns
 50670 | Depths:2 | Slain by a vampire knight

Illustrated notes

Levels and vault maps discovered:
D:1:      dpeg_arrival_connections, layout_basic, serial_shops,
          nicolae_shop_tiny_statue_garden, bh_walls_and_bars
D:2:      layout_basic
D:3:      layout_basic, nicolae_overflow_quartered_altars, portal_sewer_entry_a
D:4:      layout_basic, minmay_cupped, uniq_eustachio
D:5:      layout_rooms, mainiacjoe_overflow_tiny_flanked, serial_shops,
          shop_fountains, kennysheep_little_box, shop, uniq_pikel
D:6:      layout_cave_pools, gammafunk_ghost_nasty_kobolds
D:7:      layout_cave_pools, lemuel_coloured_pillars_altar,
          minmay_temple_entry_glassed_door
D:8:      gammafunk_steamed_eel, layout_basic, uniq_maggie, uniq_erica
D:9:      layout_basic, lemuel_zombie_altar_yredelemnul, lemuel_crystal_altar,
          lightli_fourway_metalbox
D:10:     layout_roguey, erik_lair_orcish_takeover
D:11:     layout_stronghold, serial_shops, nicolae_shop_crystal,
          biasface_ghost_orc_armoury, hangedman_stone_soup
D:12:     layout_roguey, orc_0_dummy, nrook_loot_triangle,
          nicolae_fountain_basement
D:13:     layout_basic, grunt_vaults_entry_fortified
D:14:     layout_small_grid, nicolae_eternal_life, ebering_ghost_inner_flame,
          portal_ice_cave_entry_ice_statue_two,
          nicolae_hepliaklqana_monster_ancestors
D:15:     grunt_enter_depths_hoard, layout_basic, chequers_garden, minivault_22
Temple:   nicolae_temple_superstar
Lair:1:   layout_gridlike, gauntlet_entry_generic, infiniplex_staircase_pool,
          grunt_megastairs_4, serial_bayou_shore_a, uniq_amaemon, uniq_fannar,
          uniq_urug
Lair:2:   layout_loops_ring, infiniplex_staircase_pool_2, grunt_megastairs_3
Lair:3:   layout_cave_shapes, elwin_shoals_entry_rooms, dummy_snake_entry,
          nzn_random_ring
Lair:4:   layout_regular_city, nicolae_lair_grazing_beasts
          [nicolae_sub_lair_graze_edge, nicolae_sub_lair_graze_edge,
          nicolae_sub_lair_graze_edge, nicolae_sub_lair_graze_edge],
          lemuel_fruit_fields, lemuel_fruit_fields
Lair:5:   gammafunk_lair_ancient_temple, layout_layer_cave,
          dpeg_slime_entry_enclosed, uniq_nessos
Shoals:1: layout_shoals, ebering_ghost_rock_garden
Shoals:2: layout_shoals, serial_shops, nicolae_shop_real_fake_doors,
          argonaut_gorgonesque
Shoals:3: layout_shoals, serial_shops, nicolae_shop_tiny_waterfront,
          gammafunk_ghost_wrathful_warriors, lightli_airlock
Shoals:4: shoals_end_hellmonk_storm_palace [storm_palace_center_ruins,
          storm_palace_corner_grid, storm_palace_corner_altar,
          storm_palace_corner_narrow, storm_palace_corner_altar], uniq_donald
Snake:1:  layout_chambers, minmay_shop_grove, uniq_roxanne
Snake:2:  layout_onion_interference, minmay_snake_pond, uniq_aizul
Snake:3:  layout_onion_interference, serial_shops, shop, nicolae_snake_omega,
          uniq_vashnia
Snake:4:  minmay_snake_end_coiled, layout_layer_cave, st_stairs_1, drop_trap,
          minmay_shoptagon
Orc:1:    layout_diamond_mine
Orc:2:    st_orc_mages, layout_caves, basic_altar
Elf:1:    hangedman_staggered_hall, layout_geoelf_diagonals, serial_shops,
          nicolae_lakefront_shop, hangedman_elf_disciples, minivault_5
Elf:2:    elven_hall_of_blades_hangedman_original [mumra_blade_entry_bloodbath],
          layout_geoelf_octagon
Elf:3:    minmay_elf_hall_circle, layout_loops_ring, serial_sigils,
          serial_sigils_hangedman_quiver, serial_sigils_hangedman_gut,
          serial_sigils_hangedman_gut, serial_sigils_hangedman_shear
Vaults:1: nicolae_vaults_alarming, v_misc_13, vaults_room_hallway,
          hangedman_vaults_impose, v_rooms_6, v_misc_29,
          vaults_standard_mumra_enter_the_diamond, v_misc_29,
          vaults_mumra_chevron, vaults_room_grunt_arrival_ludios, v_misc_15,
          ontoclasm_vaults_gateway, ontoclasm_vaults_shout,
          layout_vaults_omnibox
Vaults:2: ontoclasm_vaults_bender, v_rooms_4, v_misc_31, v_misc_3,
          nicolae_vaults_little_ls, ontoclasm_vaults_hangar,
          nicolae_vaults_holding_cells, ontoclasm_vaults_twist,
          nicolae_vaults_little_squares_5, vaults_room_stairs_pillars,
          layout_vaults_chaotic_city
Vaults:3: vaults_dpeg_ring, vaults_standard_mumra_lines, vaults_dpeg_doors,
          v_misc_3, vaults_room_grunt_arrival_checkpoint,
          minmay_crypt_entry_nasty_monster, hangedman_vaults_nodes,
          nicolae_vaults_quadrants, ontoclasm_vaults_pinch,
          hangedman_vaults_corner, hangedman_vaults_capsules,
          ontoclasm_vaults_ligature, nicolae_vaults_theta,
          layout_vaults_big_cross, uniq_boris
Vaults:4: hangedman_vaults_snaps, nicolae_vaults_network_square,
          nicolae_vaults_asterisk, nicolae_vaults_windows_and_doors_thing,
          vaults_room_pools, nicolae_vaults_diagonal_hallway_9,
          nicolae_vaults_hallways_thing, v_misc_8, v_pattern_4, v_misc_1,
          nicolae_vaults_gold_heap, vaults_room_door_hall,
          nicolae_vaults_little_squares_2, ontoclasm_vaults_ring_square,
          layout_vaults_maze_bifur
Depths:1: layout_forbidden_donut, nicolae_ru_the_path_less_chosen, serial_shops,
          nicolae_shop_tiny_glass, grunt_hell_entry_dis_mu, pan_entry,
          abyss_entry_flame_altar, minmay_fire_ice_demons
Depths:2: minmay_ambush_box, layout_basic, hell_entry, nicolae_titane,
          grunt_pan_entry_zigzag, minmay_guarded_unrand_vampires_tooth

Skill      XL: |  1  2  3  4  5  6  7  8  9 10 11 12 13 14 15 16 17 18 19 20 21 22 |
---------------+-------------------------------------------------------------------+-----
Polearms       | 5 6 7 8 10 11 12 13 14 | 14.0
Fighting       | 3 4 5 6 7 8 9 10 11 12 13 14 15 16 18 19 20 | 20.8
Armour         | 1 2 3 4 5 6 7 8 |  8.0
Throwing       | 3 4 6 7 8 9 10 11 12 | 12.0
Dodging        | 5 6 7 8 9 10 11 12 13 15 16 17 19 20 22 23 | 23.8
Invocations    | 2 4 5 6 8 9 10 11 12 | 12.0
Evocations     | 1 3 5 6 7 8 9 10 12 13 14 16 17 | 17.0
Shields        | 3 4 6 7 8 9 11 12 13 15 16 | 16.3

Action                     |  1- 3 |  4- 6 |  7- 9 | 10-12 | 13-15 | 16-18 | 19-21 | 22-24 || total
---------------------------+-------+-------+-------+-------+-------+-------+-------+-------++-------
  Melee: Trident           |    98 |       |       |   804 |   173 |       |       |       ||  1075
         Punch             |     1 |       |     3 |       |       |       |       |       ||     4
         Spear             |    10 |   170 |   607 |   212 |       |       |       |       ||   999
         Tailslap          |       |     8 |       |       |    26 |    19 |    23 |       ||    76
         Demon trident     |       |       |       |       |   627 |  1883 |  1955 |   674 ||  5139
  Throw: Boomerang         |       |     3 |    10 |    40 |    14 |   158 |    42 |    57 ||   324
         Dart              |       |       |       |     7 |     2 |       |       |       ||     9
         Javelin           |       |       |       |       |       |       |     8 |     1 ||     9
 Invoke: Finesse           |       |       |       |       |     1 |       |       |       ||     1
  Evoke: Wand              |       |       |       |       |     1 |     1 |       |       ||     2
         Lightning rod     |       |       |       |       |       |     1 |       |       ||     1
         Phial of floods   |       |       |       |       |       |       |     1 |       ||     1
    Use: Scroll            |       |       |    14 |     9 |    14 |     5 |     4 |     4 ||    50
         Potion            |       |       |     4 |     7 |     7 |     8 |     2 |     3 ||    31
   Stab: Sleeping          |     2 |     3 |     5 |     2 |     4 |     5 |     4 |     4 ||    29
         Distracted        |       |       |       |     1 |     2 |     1 |       |     2 ||     6
         Petrified         |       |       |       |       |       |     5 |       |       ||     5
 Armour: Leather armour    |    27 |    17 |   112 |    13 |       |   261 |   215 |    66 ||   711
         Steam dragon scal |       |       |       |    20 |       |       |       |       ||    20
         Troll leather arm |       |       |       |   227 |    83 |    64 |       |       ||   374
  Dodge: Dodged            |    64 |    68 |   337 |   617 |   357 |   934 |   862 |   292 ||  3531
  Block: Kite shield       |       |       |       |   444 |   354 |  1332 |  1534 |    72 ||  3736
         Reflection        |       |       |       |       |       |   143 |   135 |    71 ||   349
         Tower shield      |       |       |       |       |       |       |       |   624 ||   624

Table legend: (Time is in decaauts)
 A = Elapsed time spent in this place.
 B = Non-inter-level travel time spent in this place.
 C = Inter-level travel time spent in this place.
 D = Time resting spent in this place.
 E = Time spent auto-exploring this place.
 F = Levels seen in this place.
 G = Mean time per level.
                   A        B        C        D        E       F      G
               +--------+--------+--------+--------+--------+-----+--------+
         Total |  48352 |  45245 |   3107 |  10006 |  20701 |  43 | 1124.5 |
       Dungeon |  15069 |  13551 |   1518 |   2546 |   6812 |  15 | 1004.6 |
        Temple |    115 |    115 |      0 |      0 |     36 |   1 |  115.0 |
          Lair |   5271 |   4883 |    388 |    169 |   2674 |   5 | 1054.2 |
        Shoals |   4886 |   4723 |    163 |   1363 |   1741 |   4 | 1221.5 |
     Snake Pit |   6129 |   5947 |    182 |   1534 |   2933 |   4 | 1532.2 |
  Orcish Mines |   1939 |   1734 |    205 |    417 |    632 |   2 |  969.5 |
   Elven Halls |   3648 |   3443 |    205 |    664 |   1628 |   3 | 1216.0 |
        Vaults |   8363 |   7920 |    443 |   2574 |   3270 |   4 | 2090.8 |
        Depths |   1368 |   1368 |      0 |    338 |    548 |   2 |  684.0 |
         Abyss |     19 |     19 |      0 |      0 |      0 |   1 |   19.0 |
         Sewer |    650 |    650 |      0 |    191 |    247 |   1 |  650.0 |
      Ice Cave |    889 |    889 |      0 |    208 |    177 |   1 |  889.0 |
               +--------+--------+--------+--------+--------+-----+--------+

Top non-repeatable levels by time:
Vaults:2: 2521 daAuts
Vaults:3: 2133 daAuts
Vaults:4: 2117 daAuts
 Snake:3: 1911 daAuts
 Snake:4: 1820 daAuts
Vaults:1: 1591 daAuts
   Elf:3: 1562 daAuts
Shoals:4: 1515 daAuts
 Snake:1: 1452 daAuts
Shoals:2: 1351 daAuts
  Lair:5: 1310 daAuts
Shoals:3: 1283 daAuts
     D:4: 1253 daAuts
   Elf:1: 1244 daAuts
   Orc:2: 1126 daAuts
